 Dungeon Crawl Stone Soup version 0.29-a0-551-gffc1d7fb78 (webtiles) character file.

Game seed: 9834973456003688563

5 porpoise the Charlatan (level 1, -1/15 HPs)
             Began as a Demonspawn Artificer on June 6, 2022.
             Frozen to death by an endoplasm (3 damage)
             ... on level 1 of the Dungeon.
             The game lasted 00:01:44 (319 turns).

porpoise the Charlatan (Demonspawn Artificer)        Turns: 319, Time: 00:01:45

Health: -1/15      AC:  3    Str: 12    XL:     1   Next: 66%
Magic:  1/1        EV: 11    Int: 12    God:
Gold:   27         SH:  0    Dex: 13    Spells: 0/0 levels left

rFire   . . .      SeeInvis .   a - +0 short sword
rCold   . . .      Faith    .   (no shield)
rNeg    . . .      Spirit   .   b - +0 leather armour
rPois   .          Reflect  .   (no helmet)
rElec   .          Harm     .   (no cloak)
rCorr   .          Rampage  .   (no gloves)
Will    .....                   (no boots)
Stlth   +.........              (no amulet)
HPRegen 0.05/turn               (no ring)
MPRegen 0.07/turn               (no ring)

@: no status effects
A: no striking features
a: no special abilities


You were on level 1 of the Dungeon.
You visited 1 branch of the dungeon, and saw 1 of its levels.

You collected 27 gold pieces.

Inventory:

Hand Weapons
 a - a +0 short sword (weapon)
Armour
 b - a +0 leather armour (worn)
Magical Staves
 i - a staff of conjuration
Wands
 c - a wand of flame (15) (quivered)
 d - a wand of charming (15)
 e - a wand of iceblast (9)
Scrolls
 f - 2 scrolls of identify {unknown}
 g - 2 scrolls of silence {unknown}
 h - 3 scrolls of poison {unknown}
 j - a scroll of magic mapping {unknown}


   Skills:
 * Level 1.4 Fighting
 * Level 0.1 Short Blades
 - Level 1.7 Armour
 - Level 0.8 Dodging
 + Level 1.1 Stealth
 - Level 3.0 Evocations


You couldn't memorise any spells.
You didn't know any spells.
Your spell library was empty.

Dungeon Overview and Level Annotations

Branches:
Dungeon (1/15)

Altars:


Message History

You see here a ball python corpse.
You now have 27 gold pieces (gained 14).
Found a short sword.
You see here a +0 short sword.
i - a staff of conjuration Unknown command.
j - a scroll labelled EBRIEVUCZA An endoplasm comes into view.
An endoplasm comes into view.
Found a scroll labelled UTREDGHATEA.
Found a leather armour.
The helpless endoplasm fails to defend itself.
You hit the endoplasm.
The endoplasm is moderately wounded.
The endoplasm quivers.
The endoplasm hits you.
You hit the endoplasm but do no damage.
The endoplasm is moderately wounded.
The endoplasm hits you but does no damage.
You hit the endoplasm.
The endoplasm is heavily wounded.
The endoplasm hits you.
You hit the endoplasm.
The endoplasm is almost dead.
The endoplasm freezes you.
You are frozen.
The endoplasm freezes you.
You are frozen.
You are too injured to fight recklessly!
Unknown command.
You hit the endoplasm.
You kill the endoplasm!
The endoplasm hits you.
* * * LOW HITPOINT WARNING * * *
You hit the endoplasm.
The endoplasm is almost dead.
The endoplasm completely misses you. The endoplasm freezes you.
You are frozen.
You die...

#### ....#######
..........# ..........##
...........#############
........................
..........##############
......J@.....#
...............[.
..#....######....
....... ... ....... ..
....?.. . .......
.......


You could see an endoplasm.

Vanquished Creatures
  A bat (D:1)
  An endoplasm (D:1)
  A kobold (D:1)
  A ball python (D:1)
  A rat (D:1)
5 creatures vanquished.

Notes
Turn   | Place    | Note
-------+----------+-------------------------------------------
     0 | D:1      | porpoise the Demonspawn Artificer began the quest for the
                  | Orb.
     0 | D:1      | Reached XP level 1. HP: 15/15 MP: 1/1
    48 | D:1      | Reached skill level 1 in Stealth
   319 | D:1      | Frozen to death by an endoplasm

Illustrated notes

Levels and vault maps discovered:
D:1:      minmay_arrival_diagonal_passages, layout_rooms,
          dilly_ecumenical_altar_fadedgnrine

Skill      XL: |  1 |
---------------+----+-----
Stealth        | 1 |  1.1
Fighting       | |  1.4
Short Blades   | |  0.1
Armour         | |  1.7
Dodging        | |  0.8
Evocations     | |  3.0

Action                   || total
-------------------------++-------
Melee: Club              ||     9
       Short sword       ||     8
 Stab: Sleeping          ||     1
Armor: Leather armour    ||     5
Dodge: Dodged            ||    10

Table legend: (Time is in decaauts)
 A = Elapsed time spent in this place.
 B = Non-inter-level travel time spent in this place.
 C = Inter-level travel time spent in this place.
 D = Time resting spent in this place.
 E = Time spent auto-exploring this place.
 F = Levels seen in this place.
 G = Mean time per level.
                   A        B        C        D        E       F      G
               +--------+--------+--------+--------+--------+-----+--------+
         Total |    321 |    321 |      0 |     14 |    241 |   1 |  321.0 |
       Dungeon |    321 |    321 |      0 |     14 |    241 |   1 |  321.0 |
               +--------+--------+--------+--------+--------+-----+--------+

Top non-repeatable levels by time:
     D:1: 321 daAuts
